Map: 紫晶浪漫-天梯版

Players

TIME (Oliveira) - Winner!

  • Race: Terran Terran
  • League: Grandmaster

cyan

  • Race: Protoss Protoss
  • League: Grandmaster

Event: DreamHack SC2 Masters 2021 Winter

VOD

Have the link to the VOD?

Description

Time

  • Played on: Oct. 9, 2021, 8:59 a.m.
  • Length: 9:00

All games in this series

Show
View Real Time Build Order
Export as new Build Order

TIME Terran - Winner!

Build Orders: Reaper Expand 

Get SALT Encoding   

  12  0:00  SCV  
  13  0:12  SCV  
  14  0:17  Supply Depot  
  14  0:24  SCV  
  15  0:39  SCV  
  15  0:40  Barracks  
  16  0:44  Refinery  
  16  0:51  SCV  
  17  1:03  SCV  
  18  1:15  SCV  
  19  1:27  Reaper  
  19  1:29  Orbital Command  
  20  1:38  Command Center  
  20  1:48  Supply Depot  
  20  1:54  SCV  
  20  1:59  Marine  
  22  2:06  SCV  
  22  2:07  Factory  
  23  2:17  Bunker  
  23  2:19  SCV  
  24  2:24  Barracks Reactor  
  24  2:26  Refinery  
  24  2:31  SCV  
  25  2:43  SCV  
  26  2:50  Orbital Command  
  26  2:52  Hellion  
  26  2:55  SCV  
  26  2:57  Starport  
  29  3:01  Marine x2  
  31  3:07  SCV  
  32  3:14  Factory Tech Lab  
  32  3:17  SCV  
  32  3:19  SCV, Marine x2  
  36  3:23  Supply Depot  
  36  3:31  SCV x2  
  36  3:33  Starport Tech Lab  
  36  3:34  Siege Tank  
  41  3:37  Marine x2  
  43  3:43  SCV  
  43  3:44  SCV  
  45  3:50  Supply Depot  
  45  3:55  SCV, Marine x2  
  47  3:56  SCV  
  49  4:04  Raven  
  49  4:08  SCV  
  52  4:11  SCV  
  52  4:18  Barracks  
  52  4:20  SCV  
  52  4:21  Marine x2, Barracks  
  52  4:23  SCV  
  56  4:24  Refinery  
  56  4:27  Siege Tank  
  59  4:31  Supply Depot  
  59  4:32  Engineering Bay  
  59  4:34  SCV  
  59  4:36  SCV  
  61  4:44  Supply Depot  
  61  4:45  Marine  
  62  4:53  SCV x2, Marine  
  62  4:59  Supply Depot  
  65  5:00  Terran Infantry Weapons Level 1  
  65  5:04  Marine  
  65  5:05  SCV  
  65  5:06  Refinery  
  68  5:08  SCV  
  68  5:09  Barracks Tech Lab  
  68  5:11  Marine  
  68  5:12  Supply Depot  
  68  5:13  Stimpack, Marine  
  68  5:17  SCV  
  68  5:21  Siege Tank  
  72  5:23  Supply Depot  
  72  5:25  Marine  
  73  5:29  Marine  
  73  5:30  Starport Reactor  
  73  5:32  Marine  
  73  5:33  SCV  
  73  5:34  SCV  
  77  5:36  Combat Shield  
  77  5:38  Marauder  
  79  5:44  Command Center  
  79  5:47  Supply Depot, Marine  
  79  5:49  Marauder  
  82  5:53  Siege Tank  
  85  5:58  Marine  
  85  6:02  Supply Depot  
  85  6:03  Marauder  
  88  6:10  SCV x2  
  90  6:11  Medivac x2  
  90  6:13  Marine  
  90  6:15  Marauder  
  90  6:17  Barracks  
  97  6:20  Barracks  
  97  6:23  Marine  
  97  6:24  SCV  
  100  6:25  SCV  
  100  6:34  Siege Tank  
  100  6:37  SCV x2  
  106  6:40  Marauder x2, Marine  
  109  6:48  Medivac x2  
  113  6:54  Marine  
  113  6:56  SCV x2  
  113  6:58  Marine  
  113  7:01  Marauder, Terran Infantry Armor Level 1, Marine  
  119  7:19  Marauder  
  101  7:32  SCV x2  
  101  7:33  Orbital Command  
  99  7:38  Barracks Reactor, Barracks Tech Lab  
  99  7:42  Marine  
  99  7:43  Marauder  
  101  7:45  SCV  
  101  7:49  SCV  
  103  7:53  Marine  
  103  7:54  Marauder  
  103  7:55  Siege Tank  
  103  7:57  SCV  
  110  7:59  SCV  
  110  8:00  Marine  
  110  8:01  Concussive Shells  
  110  8:02  Marauder  
  110  8:03  Viking x2  
  118  8:08  Marauder, SCV  
  118  8:09  Supply Depot, SCV  
  118  8:11  SCV, Marine  
  124  8:14  Marine  
  124  8:15  Armory, Marine  
  124  8:16  Marine  
  124  8:17  Engineering Bay  
  127  8:21  Refinery  
  127  8:22  Refinery  
  127  8:23  Marauder, Marine  
  130  8:29  Marauder  
  130  8:32  Marine  
  130  8:33  SCV  
  136  8:34  Marauder  
  136  8:40  SCV  
  141  8:44  Supply Depot  
  141  8:47  Supply Depot  
Show
View Real Time Build Order
Export as new Build Order

cyan Protoss 

Build Orders: 1 Gate Expand, Blink Stalkers, Colossus Rush 

Get SALT Encoding   

  12  0:00  Probe  
  13  0:12  Probe  
  14  0:17  Pylon  
  14  0:24  Probe (Chrono Boost)  
  15  0:36  Probe (Chrono Boost)  
  15  0:37  Gateway  
  16  0:44  Probe (Chrono Boost)  
  16  0:48  Assimilator  
  17  0:51  Probe  
  18  1:03  Probe  
  19  1:15  Probe  
  20  1:22  Nexus  
  20  1:33  Cybernetics Core  
  20  1:35  Probe  
  21  1:40  Assimilator  
  21  1:47  Probe  
  21  1:50  Pylon  
  22  1:59  Probe  
  23  2:06  Stalker (Chrono Boost)  
  23  2:11  Warp Gate  
  23  2:12  Probe  
  26  2:24  Twilight Council, Probe (Chrono Boost)  
  27  2:32  Stalker  
  27  2:35  Probe (Chrono Boost)  
  31  2:37  Probe (Chrono Boost)  
  32  2:45  Probe x2 (Chrono Boost)  
  32  2:50  Probe x2 (Chrono Boost)  
  33  2:54  Blink (Chrono Boost)  
  35  3:02  Probe  
  35  3:03  Probe  
  37  3:14  Probe  
  37  3:15  Gateway, Probe  
  37  3:19  Gateway  
  39  3:26  Probe  
  40  3:27  Robotics Facility, Probe  
  41  3:36  Pylon  
  41  3:38  Probe  
  41  3:39  Probe  
  43  3:46  Assimilator  
  43  3:50  Probe  
  43  3:51  Probe  
  45  4:00  Stalker  
  45  4:02  Probe  
  48  4:03  Probe  
  49  4:14  Nexus, Probe  
  49  4:16  Observer, Pylon  
  51  4:17  Stalker  
  51  4:23  Probe  
  54  4:27  Pylon  
  54  4:30  Assimilator, Pylon  
  54  4:34  Probe  
  54  4:35  Probe  
  56  4:40  Observer  
  56  4:45  Pylon  
  57  4:46  Probe  
  57  4:48  Probe  
  59  4:53  Robotics Bay  
  59  4:54  Forge  
  59  4:58  Stalker, Probe  
  61  5:00  Probe  
  61  5:02  Observer  
  62  5:09  Observer  
  62  5:10  Probe  
  62  5:13  Probe, Charge  
  65  5:17  Gateway  
  65  5:19  Gateway  
  65  5:22  Gateway  
  65  5:23  Probe (Chrono Boost)  
  65  5:25  Probe (Chrono Boost), Protoss Ground Weapons Level 1 (Chrono Boost)  
  65  5:28  Probe (Chrono Boost)  
  68  5:34  Probe (Chrono Boost)  
  70  5:35  Observer, Probe (Chrono Boost)  
  70  5:36  Colossus (Chrono Boost), Probe (Chrono Boost)  
  70  5:39  Probe (Chrono Boost)  
  70  5:40  Probe (Chrono Boost)  
  79  5:47  Extended Thermal Lance  
  79  5:49  Probe  
  80  5:52  Gateway  
  80  5:55  Gateway  
  80  6:01  Pylon  
  80  6:04  Stalker x2  
  80  6:06  Probe  
  80  6:07  Probe x2  
  80  6:11  Sentry, Pylon, Shield Battery  
  87  6:12  Sentry  
  87  6:15  Photon Cannon, Colossus (Chrono Boost)  
  87  6:17  Pylon  
  87  6:18  Probe  
  92  6:28  Observer, Probe  
  92  6:30  Photon Cannon  
  92  6:31  Probe, Pylon  
  99  6:34  Assimilator  
  99  6:38  Shield Battery  
  99  6:40  Assimilator  
  99  6:42  Probe, Pylon  
  100  6:51  Zealot x6  
  111  7:00  Shield Battery  
  111  7:02  Zealot  
  111  7:03  Zealot, Pylon  
  115  7:10  Colossus (Chrono Boost)  
  115  7:13  Zealot x2  
  124  7:16  Zealot  
  124  7:17  Pylon  
  111  7:24  Zealot x3  
  111  7:28  Zealot x2  
  99  7:33  Zealot x2  
  99  7:34  Observer  
  92  7:38  Zealot  
  92  7:45  Zealot  
  92  7:46  Zealot x2  
  92  7:57  Zealot x5  
  102  8:04  Colossus  
  105  8:21  Nexus  
  105  8:23  Sentry x3  
  107  8:35  Zealot, Templar Archives  
  107  8:39  Zealot  
  107  8:41  Zealot  

Tags
 
Add a new tag
Caveats
  • Supply blocks, unpowered buildings, or Contaminate may cause inaccurate times.
  • Supply counts are checked every 10 seconds.